 Dungeon Crawl Stone Soup version 0.24.0-123-gd5b16e6ec5 (webtiles) character file.

Game seed: 2349976952502972246, levelgen mode: deterministic

123 Curus the Twirler (level 4, -1/33 HPs)
             Began as a Demonspawn Gladiator on Jan 26, 2020.
             Slain by an ogre
             ... wielding a +0 giant club
              (26 damage)
             ... on level 3 of the Dungeon.
             The game lasted 00:09:59 (1961 turns).

Curus the Twirler (Demonspawn Gladiator)            Turns: 1961, Time: 00:09:59

Health: -1/33      AC:  6    Str: 15    XL:     4   Next: 80%
Magic:  0/4        EV: 12    Int:  9    God:
Gold:   79         SH:  0    Dex: 15    Spells: 3/3 levels left

rFire    . . .     SeeInvis .   a - +1 quarterstaff
rCold    . . .     Gourm    .   (shield currently unavailable)
rNeg     . . .     Faith    .   b - +0 leather armour
rPois    .         Spirit   +   (helmet restricted)
rElec    .         Reflect  .   h - scarf {Spirit}
rCorr    .         Harm     .   k - +0 pair of gloves
MR       .....                  (no boots)
Stlth    +.........             (no amulet)
HPRegen  0.11/turn              (no ring)
MPRegen  0.09/turn              (no ring)

@: no status effects
A: antennae 1, iridescent scales 1
a: no special abilities


You were on level 3 of the Dungeon.
You were hungry.

You visited 1 branch of the dungeon, and saw 4 of its levels.

You collected 79 gold pieces.

Inventory:

Hand Weapons
 a - a +1 quarterstaff (weapon)
Missiles
 d - 3 throwing nets (quivered)
Armour
 b - a +0 leather armour (worn)
 c - a +0 helmet
 h - a scarf of spirit shield (worn)
 k - a +0 pair of gloves (worn)
Scrolls
 e - a scroll of remove curse
Potions
 g - a potion of resistance
 i - a potion of might
Comestibles
 f - 5 rations


   Skills:
 - Level 2.0 Fighting
 + Level 5.1 Staves
 - Level 1.7 Throwing
 - Level 2.6 Dodging


You had 3 spell levels left.
You didn't know any spells.
Your spell library was empty.

Dungeon Overview and Level Annotations

Branches:
Dungeon (4/15)
 Temple: D:4-7

Altars:
Trog


Innate Abilities, Weirdness & Mutations

You have a pair of small antennae on your head.
You are partially covered in iridescent scales. (AC +2)


Message History

The ogre is lightly wounded.
You barely miss the ogre.
The ogre is lightly wounded.
The ogre completely misses you.
You hit the ogre.
The ogre is moderately wounded.
The ogre closely misses you.
You closely miss the ogre.
The ogre is moderately wounded.
The ogre hits you with a +0 giant club!
You barely miss the ogre.
The ogre is moderately wounded.
The ogre closely misses you.
You barely miss the ogre.
The ogre is moderately wounded.
You hit the ogre but do no damage.
The ogre is moderately wounded.
The ogre hits you with a +0 giant club!!
Ouch! That really hurt!
You die...

#........'.....'.....'..
#........#######.....###
#........# ##.......
#...(....# #.......
#........# #.......
#........# #.......
#........# #.......
#........########.......
#######@O.......'.......
####.#########....... #....#
#....... ##....# #.......
#.....# #....... ###.....#
########
#.....#.################
#####.#.###......[.........#
#..........#####...........#


You could see an ogre.

Vanquished Creatures
  A worker ant zombie (D:2)
  4 adders
  An ooze (D:3)
  2 worms
  2 dart slugs
  3 leopard geckos
  10 bats
  4 giant cockroaches
  6 goblins
  5 hobgoblins
  2 jackals (D:3)
  2 quokkas
  2 ball pythons (D:2)
  4 frilled lizards
  6 kobolds
  5 rats
59 creatures vanquished.

Notes
Turn   | Place    | Note
-------+----------+-------------------------------------------
     0 | D:1      | Curus the Demonspawn Gladiator began the quest for the Orb.
     0 | D:1      | Reached XP level 1. HP: 16/16 MP: 1/1
   195 | D:1      | Reached skill level 3 in Staves
   332 | D:1      | Gained mutation: You are partially covered in iridescent
                  | scales. (AC +2) [demonic ancestry]
   332 | D:1      | Reached XP level 2. HP: 21/22 MP: 2/2
   660 | D:1      | Reached XP level 3. HP: 27/27 MP: 3/3
   921 | D:2      | Reached skill level 4 in Staves
  1240 | D:2      | Gained mutation: You have a pair of small antennae on your
                  | head. [demonic ancestry]
  1240 | D:2      | Reached XP level 4. HP: 27/33 MP: 4/4
  1712 | D:3      | Reached skill level 5 in Staves
  1952 | D:4      | Found a bloodstained altar of Trog.
  1952 | D:4      | Noticed an eye of draining
  1952 | D:4      | Noticed an ogre
  1961 | D:3      | Slain by an ogre

Levels and vault maps discovered:
D:1:      wheals_arrival_linesprint, layout_loops_cross,
          chequers_serial_rivers_large_a, minmay_misc_feat_enclosed,
          minmay_heptomino_o4
D:2:      layout_rooms, first_ration, serial_bayou_lagoon_b
D:3:      layout_basic
D:4:      layout_rooms, trog_eyes_of_draining, kennysheep_little_box,
          kennysheep_mini, serial_aquarium, aquarium_bridge_straight
          [aquarium_subvault_bridge, aquarium_subvault_window,
          aquarium_subvault_bridge, aquarium_subvault_wall], aquarium_window_1,
          aquarium_window_fake, aquarium_window_2, aquarium_window_fake,
          aquarium_view_2g, serial_shops, shop

Skill      XL: |  1  2  3  4 |
---------------+-------------+-----
Staves         | 3 4 5 |  5.1
Fighting       | |  2.0
Throwing       | |  1.7
Dodging        | |  2.6

Action                   |  1- 3 |  4- 6 || total
-------------------------+-------+-------++-------
Melee: Quarterstaff      |   125 |    73 ||   198
  Use: Potion            |     6 |     1 ||     7
       Scroll            |     4 |     3 ||     7
  Eat: Chunk             |     1 |     2 ||     3
Armor: Leather armour    |    60 |    21 ||    81
Dodge: Dodged            |    79 |    37 ||   116
